 Dungeon Crawl Stone Soup version 0.27-a0-1308-gc08437e49b (webtiles) character file.

Game seed: 18335633301747911999

139 hatdisgam the Insei (level 5, -4/45 HPs)
             Began as a Naga Transmuter on June 18, 2021.
             Slain by a killer bee (8 damage)
             ... on level 3 of the Dungeon.
             The game lasted 00:06:46 (4087 turns).

hatdisgam the Insei (Naga Transmuter)               Turns: 4087, Time: 00:06:46

Health: -4/45      AC:  3    Str: 12    XL:     5   Next: 22%
Magic:  5/8        EV: 10    Int: 14    God:
Gold:   124        SH:  0    Dex: 18    Spells: 2/8 levels left

rFire    . . .     SeeInvis +     - Unarmed
rCold    . . .     Faith    .   (no shield)
rNeg     . . .     Spirit   .   a - +0 robe
rPois    +         Reflect  .   (helmet currently unavailable)
rElec    .         Harm     .   h - +0 cloak
rCorr    .         Rampage  .   (no gloves)
Will     .....                  (no barding)
Stlth    ++........             (no amulet)
HPRegen  0.15/turn              q - +6 ring of dexterity
MPRegen  0.11/turn              (no ring)

@: short of breath, appendages, wereblooded, very slow
A: horns 2, AC +1, large, see invisible, deformed body, poison resistance,
slowness 2, spit poison 1, naga tail 1
a: Spit Poison, End Transformation


You were on level 3 of the Dungeon.
You had temporarily grown beastly horns.
You visited 1 branch of the dungeon, and saw 4 of its levels.

You collected 124 gold pieces.

Inventory:

Missiles
 c - 2 throwing nets
 m - 2 atropa-tipped darts
Armour
 a - a +0 robe (worn)
 h - a +0 cloak (worn)
Jewellery
 g - an amulet of faith
 q - a +6 ring of dexterity (left hand)
Wands
 o - a wand of acid (9)
Scrolls
 b - a scroll of vulnerability {unknown}
 d - 2 scrolls of identify {unknown}
 e - a scroll of enchant armour {unknown}
 k - a scroll of summoning {unknown}
 l - a scroll of magic mapping {unknown}
 n - a scroll of fog {unknown}
 p - a scroll of fear {unknown}
 r - a scroll of noise {unknown}
Potions
 f - a potion of degeneration {unknown}
 i - a potion of resistance {unknown}
 j - a potion of flight {unknown}


   Skills:
 - Level 2.2 Fighting
 - Level 1.5 Dodging
 * Level 4.5 Unarmed Combat
 + Level 2.1 Spellcasting
 + Level 3.1 Transmutations


You had 2 spell levels left.
You knew the following spells:

 Your Spells              Type           Power      Damage    Failure   Level
a - Beastly Appendage     Tmut           20%        N/A       7%          1
b - Wereblood             Tmut           10%        N/A       10%         2
c - Call Canine Familiar  Summ           1%         N/A       56%         3

Your spell library contained the following spells:

 Spells                   Type           Power      Damage    Failure   Level
 Summon Small Mammal      Summ           4%         N/A       24%         1
 Call Imp                 Summ           1%         N/A       34%         2
 Spider Form              Tmut/Pois      2%         N/A       36%         3
 Summon Guardian Golem    Hex/Summ       1%         N/A       56%         3
 Ice Form                 Ice/Tmut       5%         N/A       77%         4
 Summon Ice Beast         Ice/Summ       1%         N/A       93%         4
 Summon Lightning Spire   Summ/Air       1%         N/A       93%         4


Dungeon Overview and Level Annotations

Branches:
Dungeon (4/15)
 Temple: D:4-7

Altars:

Shops:
D:2 ?   D:4 !

Annotations:
D:3 exclusion: downstairs


Innate Abilities, Weirdness & Mutations

You have temporarily grown beastly horns.
Your serpentine skin is tough. (AC +1)
You have supernaturally acute eyesight. (SInv)
Armour fits poorly on your strangely shaped body.
Your system is resistant to poisons. (rPois)
You cover ground very slowly.
You can spit poison.
You have a snake-like lower body.


Message History

The killer bee barely misses you.
There is a stone staircase leading up here.
The killer bee barely misses you. x2; The killer bee misses you.
The killer bee closely misses you. The killer bee barely misses you.
The killer bee stings you.
You climb upwards.
Level annotation: exclusion: downstairs
There is a stone staircase leading down here.
Unknown command.
Press: ? - help, Shift-Dir - straight line, f - killer bee
Aim: a killer bee The splash of poison misses the killer bee.
The killer bee stings you! The killer bee barely misses you.
The killer bee stings you.
Unknown command.
Unknown command.
Casting: Beastly Appendage (safe; 7% risk of failure)
Confirm with . or Enter, or press ? or * to list all spells.
You grow a pair of large bovine horns.
The killer bee closely misses you. The killer bee stings you.
* * * LOW HITPOINT WARNING * * *
The killer bee stings you.
* * * LOW HITPOINT WARNING * * *
The killer bee barely misses you.
Unknown command.
Casting: Beastly Appendage (safe; 7% risk of failure)
Confirm with . or Enter, or press ? or * to list all spells.
Your blood is infused with primal strength.
The killer bee stings you.
* * * LOW HITPOINT WARNING * * *
The killer bee stings you.
* * * LOW HITPOINT WARNING * * *
The killer bee stings you but does no damage.
The killer bee closely misses you.
You closely miss the killer bee. The killer bee barely misses you.
The killer bee closely misses you.
You miss the killer bee.
The killer bee stings you but does no damage.
The killer bee stings you!
You die...

####### ......#
#####.# #.# #.#
#.#
#.###############
#..........y@yy.#
###############.#
#.# #.# ###
####### #.###.##
......########
#....#.#
#####........#
#####.##
########.# #.#
#.# #.#


You could see 3 killer bees.

Vanquished Creatures
  A centaur zombie (D:3)
  Terence (D:2)
  2 worms
  3 dart slugs
  8 ball pythons
  3 bats
  9 endoplasms
  5 giant cockroaches
  6 goblins
  A hobgoblin (D:3)
  12 jackals
  A quokka (D:1)
  3 frilled lizards
  5 kobolds
  5 rats
65 creatures vanquished.

Vanquished Creatures (others)
  3 plants (D:1)
3 creatures vanquished.

Grand Total: 68 creatures vanquished

Notes
Turn   | Place    | Note
-------+----------+-------------------------------------------
     0 | D:1      | hatdisgam the Naga Transmuter began the quest for the Orb.
     0 | D:1      | Reached XP level 1. HP: 18/18 MP: 3/3
   316 | D:1      | Reached XP level 2. HP: 10/25 MP: 5/5
  1125 | D:1      | Found a faded altar of an unknown god.
  1207 | D:1      | Reached XP level 3. HP: 31/31 MP: 6/6
  1214 | D:1      | Learned a level 2 spell: Wereblood
  1869 | D:2      | Noticed Terence
  1890 | D:2      | Killed Terence
  1891 | D:2      | Reached skill level 4 in Unarmed Combat
  1891 | D:2      | Reached XP level 4. HP: 32/39 MP: 4/7
  1982 | D:2      | Learned a level 3 spell: Call Canine Familiar
  2311 | D:2      | Found Qeuh's Magic Scroll Boutique.
  3100 | D:3      | Noticed a water moccasin
  3924 | D:3      | Reached XP level 5. HP: 42/45 MP: 6/8
  4006 | D:4      | Found Sammel's Distillery.
  4087 | D:3      | Slain by a killer bee

Illustrated notes

Levels and vault maps discovered:
D:1:      dpeg_arrival_boxorama, layout_basic,
          dilly_ecumenical_altar_fadedgnrine, serial_bayou, serial_bayou_pond_c,
          serial_bayou_pond_c, serial_bayou_pond_b, serial_bayou_pond_d,
          serial_bayou_pond_d
D:2:      layout_loops_ring, serial_shops, shop, uniq_terence
D:3:      layout_loops_ring
D:4:      layout_layer_cave, serial_shops, nicolae_shop_trees, dk_noncrumbling_2

Skill      XL: |  1  2  3  4 |
---------------+-------------+-----
Unarmed Combat | 4 |  4.5
Fighting       | 2 |  2.2
Transmutations | 3 |  3.1
Dodging        | |  1.5
Spellcasting   | |  2.1

Action                   |  1- 3 |  4- 6 || total
-------------------------+-------+-------++-------
Melee: Unarmed           |    86 |   116 ||   202
       Headbutt          |     4 |     5 ||     9
       Punch             |       |     2 ||     2
 Cast: Beastly Appendage |    13 |     8 ||    21
       Wereblood         |     1 |     3 ||     4
 Abil: Spit Poison       |    23 |     6 ||    29
  Use: Scroll            |       |     2 ||     2
 Stab: Sleeping          |     1 |     2 ||     3
Armor: Robe              |    20 |    36 ||    56
Dodge: Dodged            |    41 |    66 ||   107

Table legend: (Time is in decaauts)
 A = Elapsed time spent in this place.
 B = Non-inter-level travel time spent in this place.
 C = Inter-level travel time spent in this place.
 D = Time resting spent in this place.
 E = Time spent auto-exploring this place.
 F = Levels seen in this place.
 G = Mean time per level.
                   A        B        C        D        E       F      G
               +--------+--------+--------+--------+--------+-----+--------+
         Total |   4994 |   4761 |    233 |    260 |   3952 |   4 | 1248.5 |
       Dungeon |   4994 |   4761 |    233 |    260 |   3952 |   4 | 1248.5 |
               +--------+--------+--------+--------+--------+-----+--------+

Top non-repeatable levels by time:
     D:1: 2276 daAuts
     D:2: 1415 daAuts
     D:3: 1263 daAuts
     D:4: 39 daAuts
